 Dungeon Crawl Stone Soup version 0.26-a0-639-g72c4674329 (webtiles) character file.

Game seed: 8566189853124500772

3320 Borgoz the Basher (level 10, -1/61 HPs)
             Began as a Gargoyle Gladiator on Sept 18, 2020.
             Was a Follower of Ashenzari.
             Killed from afar by an orc wizard (4 damage)
             ... with a magic dart
             ... on level 8 of the Dungeon.
             The game lasted 00:11:24 (7680 turns).

Borgoz the Basher (Gargoyle Gladiator)              Turns: 7680, Time: 00:11:25

Health: -1/61      AC: 21    Str: 19    XL:     10   Next: 2%
Magic:  10/10      EV: 16    Int:  9    God:    Ashenzari [*.....]
Gold:   203        SH:  0    Dex: 21    Spells: 9/9 levels left

rFire    . . .     SeeInvis +   a - +1 flail
rCold    . . .     Faith    .   (no shield)
rNeg     + + +     Spirit   .   D - +4 ring mail "Loarruac" {Harm rN+ Dex+2}
rPois    ∞         Reflect  .   y - +1 helmet
rElec    +         Harm     +   (no cloak)
rCorr    .         Rampage  .   (no gloves)
MR       .....                  x - +0 pair of boots
Stlth    ..........             (no amulet)
HPRegen  0.20/turn              p - ring of positive energy
MPRegen  0.12/turn              z - ring of Wuagh {+Blink rElec Dex+6 SInv Stlth-}

@: no status effects
A: negative energy resistance 1, electricity resistance, unbreathing,
petrification resistance, rot immunity, AC +7
a: Curse Item, Scrying, Renounce Religion, Evoke Blink


You were on level 8 of the Dungeon.
You worshipped Ashenzari.
Ashenzari was aware of your devotion.
You visited 2 branches of the dungeon, and saw 9 of its levels.
You also visited: Sewer and Ossuary.

You collected 428 gold pieces.
You spent 225 gold pieces at shops.

Inventory:

Hand Weapons
 a - a +1 flail (weapon)
 e - the +11 dagger of Singurayt {drain, Dex+2}
   (You found it on level 7 of the Dungeon)

   A truly terrible weapon, it drains the life of those it strikes.
   It affects your dexterity (+2).
 F - the +0 hand crossbow of Currency {penet, rElec rN+ MR+ Dex-5}
   (You found it on level 7 of the Dungeon)

   Ammo fired by it will pass through the targets it hits, potentially hitting
   all targets in its path until it reaches maximum range.
   It affects your dexterity (-5).
   It insulates you from electricity.
   It protects you from negative energy.
   It affects your resistance to hostile enchantments.
Armour
 x - a +0 pair of boots (worn)
 y - a +1 helmet (worn)
 D - the +4 ring mail "Loarruac" (worn) {Harm rN+ Dex+2}
   (You bought it in a shop on level 6 of the Dungeon)

   It affects your dexterity (+2).
   It protects you from negative energy.
   It increases damage dealt and taken.
Jewellery
 p - a ring of positive energy (left hand)
 z - the ring of Wuagh (right hand) {+Blink rElec Dex+6 SInv Stlth-}
   (You found it on level 5 of the Dungeon)

   [ring of dexterity]

   It affects your dexterity (+6).
   It insulates you from electricity.
   It lets you see invisible.
   It lets you blink.
   It makes you less stealthy.
Wands
 q - a wand of disintegration (11)
 A - a wand of digging (6)
 C - a wand of acid (6)
 G - a wand of paralysis (9)
 H - a wand of iceblast (10)
Scrolls
 i - 5 scrolls of teleportation
 l - a scroll of fear {unknown}
 n - 13 scrolls of identify {unknown}
 r - 3 scrolls of amnesia
 t - a scroll of magic mapping
 u - 3 scrolls of remove curse
 v - 3 scrolls of fog {unknown}
 B - a scroll of random uselessness {unknown}
 E - a scroll of vulnerability {unknown}
Potions
 b - 2 potions of resistance {unknown}
 f - 2 potions of might {unknown}
 g - 3 potions of degeneration {unknown}
 h - 2 potions of lignification {unknown}
 j - 8 potions of curing {unknown}
 k - a potion of brilliance {unknown}
 m - 2 potions of haste {unknown}
 o - a potion of ambrosia {unknown}
 s - a potion of flight {unknown}
 w - 2 potions of cancellation {unknown}


   Skills:
 + Level 6.4 Fighting
 * Level 8.6 Maces & Flails
 - Level 1.7 Throwing
 + Level 5.9 Armour
 * Level 7.2 Dodging


You had 9 spell levels left.
You didn't know any spells.
Your spell library contained the following spells:

 Spells                   Type           Power        Failure   Level
 Corona                   Hex            #......      54%         1
 Sting                    Tmut/Pois      #...         54%         1
 Poisonous Vapours        Pois/Air       #.....       69%         2
 Slow                     Hex            #.......     69%         2
 Ignite Poison            Fire/Tmut/Pois #.......     89%         3
 Inner Flame              Hex/Fire       #.......     89%         3
 Mephitic Cloud           Conj/Pois/Air  #.......     89%         3
 Portal Projectile        Hex/Tloc       #.....       89%         3
 Cause Fear               Hex            #.........   100%        4
 Leda's Liquefaction      Hex/Erth       #.........   100%        4
 Olgreb's Toxic Radiance  Pois           #.......     100%        4


Dungeon Overview and Level Annotations

Branches:
Dungeon (8/15)             Temple (1/1) D:4           Sewer (visited)
Ossuary (visited)
   Lair: D:8-11

Altars:
Ashenzari
Cheibriados
Dithmenos
Elyvilon
Fedhas
Gozag
Hepliaklqana
Kikubaaqudgha
Makhleb
Nemelex Xobeh
Okawaru
Qazlal
Ru
Sif Muna
Trog
Uskayaw
Vehumet
Wu Jian
Xom
Yredelemnul
Zin
The Shining One

Shops:
D:6 [[}=


Innate Abilities, Weirdness & Mutations

You are resistant to torment.
Your stone body is resilient. (AC +7)
You are immune to poison.
You resist negative energy. (rN+)
You are resistant to electric shocks. (rElec)
You can survive without breathing.
You are immune to petrification.
You are immune to rotting.


Message History

An orc priest comes into view. It is wielding a +0 club.
The orc priest calls down the wrath of Beogh upon you.
Beogh smites you! The jackal bites you.
The orc priest invokes the aid of Beogh against you.
You are unaffected.
The orc priest looks braver for a moment.
The orc wizard mumbles some strange words.
The orc wizard blinks!
The orc priest calls down the wrath of Beogh upon you.
Beogh smites you!
* * * LOW HITPOINT WARNING * * *
The jackal completely misses you.
The orc priest looks encouraged for a moment.
The jackal bites you but does no damage.
The orc priest invokes the aid of Beogh against you.
Beogh smites you!
* * * LOW HITPOINT WARNING * * *
The orc wizard gestures at you while chanting.
The magic dart hits you.
You die...

.......o..... ..
.....#o†..#####..
................#.
......##c.#.#....#
.......#os...#.....
.....#.#.....#..#..
.....o...h.........
.....#...........#
... ##)..@......# .
#..........#
#...!<.$..(#
........##......
................
......##..##......
...... #..# .....
...... #### ####
......


You could see a centaur, a scorpion, 2 orc priests, an orc wizard and a jackal.

Vanquished Creatures
  A two-headed ogre (D:8)
  A troll (D:7)
  A porcupine (D:8)
  An ice beast (D:7)
  3 sky beasts
  A black bear (D:8)
  2 ogres
  A crocodile (D:7)
  6 big kobolds (Sewer)
  3 bullfrogs
  A killer bee (D:7)
  A scorpion (D:7)
  A howler monkey (D:5)
  3 centaur zombies
  A bullfrog skeleton (D:7)
  A hound (D:6)
  2 jellies
  3 orc wizards (D:7)
  3 human zombies (Ossuary)
  2 iguanas (D:8)
  4 worker ants
  A big kobold zombie (Ossuary)
  A hound skeleton (D:4)
  3 mummies
  Robin (D:3)
  A worker ant zombie (D:6)
  14 adders
  5 gnolls
  A river rat (Sewer)
  A white imp (D:5)
  2 oozes (Sewer)
  An adder skeleton (D:4)
  An adder zombie (D:7)
  5 worms
  2 dart slugs (D:1)
  5 leopard geckos
  6 orcs
  4 giant cockroaches
  16 goblins
  7 hobgoblins
  3 jackals (D:1)
  11 kobolds
  5 quokkas
  8 ball pythons
  5 bats
  5 frilled lizards
  2 goblin zombies
  9 hobgoblin zombies (Ossuary)
  2 jackal zombies (Ossuary)
  8 kobold zombies (Ossuary)
  A leopard gecko skeleton (D:6)
  12 orc zombies
  10 rats
  2 rat zombies (Ossuary)
202 creatures vanquished.

Vanquished Creatures (others)
  3 fungi (D:8)
  16 plants (D:8)
19 creatures vanquished.

Grand Total: 221 creatures vanquished

Notes
Turn   | Place    | Note
-------+----------+-------------------------------------------
     0 | D:1      | Borgoz the Gargoyle Gladiator began the quest for the Orb.
     0 | D:1      | Reached XP level 1. HP: 12/12 MP: 1/1
    20 | D:1      | Reached XP level 2. HP: 18/18 MP: 2/2
   319 | D:1      | Reached XP level 3. HP: 22/22 MP: 3/3
   449 | D:1      | Reached skill level 1 in Armour
  1118 | D:2      | You fall into a shaft and drop 1 floor!
  1182 | D:3      | Found a glowing drain.
  1188 | D:3      | Reached XP level 4. HP: 27/27 MP: 4/4
  1202 | Sewer    | Entered a sewer
  1218 | Sewer    | Noticed a big kobold
  1235 | Sewer    | Killed a big kobold
  1235 | Sewer    | Reached skill level 4 in Maces & Flails
  1235 | Sewer    | Reached XP level 5. HP: 32/32 MP: 5/5
  1411 | Sewer    | Noticed a big kobold
  1411 | Sewer    | Noticed a big kobold
  1433 | Sewer    | Killed a big kobold
  1433 | Sewer    | Reached XP level 6. HP: 23/37 MP: 6/6
  1925 | Sewer    | Reached skill level 5 in Maces & Flails
  1925 | Sewer    | Reached XP level 7. HP: 32/42 MP: 7/7
  2486 | D:3      | Found a basalt altar of Yredelemnul.
  2642 | D:3      | Noticed Robin
  2671 | D:3      | Killed Robin
  3108 | D:4      | Found a sand-covered staircase.
  3115 | Ossuary  | Entered an ossuary
  3775 | D:4      | Reached XP level 8. HP: 46/48 MP: 8/8
  3789 | D:4      | Found a staircase to the Ecumenical Temple.
  3811 | D:4      | Reached skill level 6 in Maces & Flails
  3811 | D:4      | Reached skill level 5 in Dodging
  3826 | Temple   | Entered the Ecumenical Temple
  4351 | Temple   | Became a worshipper of Ashenzari the Shackled
  4926 | D:5      | Entered Level 5 of the Dungeon
  5114 | D:5      | Identified the ring of Wuagh {+Blink rElec Dex+6 SInv
                  | Stlth-}
  5951 | D:6      | Reached * piety under Ashenzari
  5958 | D:6      | Found a shadowy altar of Dithmenos.
  5985 | D:6      | Reached skill level 5 in Fighting
  6156 | D:6      | Found Kusod's Jewellery Shop.
  6208 | D:6      | Found Ywamil Xahah's Gadget Shoppe.
  6464 | D:6      | Found Veoffacw's Antique Armour Shop.
  6469 | D:6      | Found Fikeckuo's Armour Boutique.
  6477 | D:6      | Bought a scorched ring mail for 225 gold pieces
  6487 | D:6      | Identified the +4 ring mail "Loarruac" {Harm rN+ Dex+2}
                  | (You bought it in a shop on level 6 of the Dungeon)
  6550 | D:6      | Reached skill level 7 in Maces & Flails
  6601 | D:6      | Reached XP level 9. HP: 54/54 MP: 9/9
  6744 | D:7      | Got the dagger of Singurayt {drain, Dex+2}
  6745 | D:7      | Identified the +11 dagger of Singurayt {drain, Dex+2} (You
                  | found it on level 7 of the Dungeon)
  6856 | D:7      | Got the hand crossbow of Currency {penet, rElec rN+ MR+
                  | Dex-5}
  6857 | D:7      | Identified the +0 hand crossbow of Currency {penet, rElec
                  | rN+ MR+ Dex-5} (You found it on level 7 of the Dungeon)
  6886 | D:7      | Noticed a troll
  6895 | D:7      | Killed a troll
  6895 | D:7      | Reached skill level 5 in Armour
  7601 | D:8      | Noticed a two-headed ogre
  7603 | D:8      | Reached skill level 8 in Maces & Flails
  7616 | D:8      | Killed a two-headed ogre
  7635 | D:8      | Reached XP level 10. HP: 42/61 MP: 10/10
  7680 | D:8      | HP: 3/61 [orc priest/divine providence (14)]
  7680 | D:8      | Killed from afar by an orc wizard

Illustrated notes

Levels and vault maps discovered:
D:1:      tarquinn_simple_flora_water_b, layout_basic
D:2:      layout_loops_ring, minivault_11, minmay_parallelograms,
          item_on_display_a
D:3:      layout_loops_ring, lemuel_coloured_pillars_altar,
          portal_sewer_entry_f, uniq_robin
D:4:      layout_loops_ring, minmay_temple_entry_slanted,
          nicolae_ossuary_entry_giza
D:5:      layout_gridville
D:6:      layout_loops_ring, serial_shops, shop, nicolae_shop_window_shopping,
          shop, nicolae_shop_waterfront, grunt_dithmenos_smoke_and_mirrors
D:7:      layout_loops_ring, minmay_bent
D:8:      layout_rooms, minmay_lair_entry_grove
Temple:   nicolae_temple_the_god_donut

Skill      XL: |  1  2  3  4  5  6  7  8  9 |
---------------+----------------------------+-----
Armour         | 1 2 3 4 5 |  5.9
Dodging        | 3 4 5 7 |  7.2
Maces & Flails | 4 5 7 8 |  8.6
Fighting       | 3 4 5 6 |  6.4
Throwing       | |  1.7

Action                   |  1- 3 |  4- 6 |  7- 9 | 10-12 || total
-------------------------+-------+-------+-------+-------++-------
Melee: Flail             |    89 |   155 |   624 |     3 ||   871
Throw: Throwing net      |       |     2 |     3 |       ||     5
  Use: Scroll            |     5 |       |     1 |       ||     6
 Stab: Held in net/web   |       |       |     1 |       ||     1
Armor: Leather armour    |     3 |       |       |       ||     3
       Ring mail         |    62 |    83 |   320 |     2 ||   467
       Skin              |     9 |       |       |       ||     9
Dodge: Dodged            |    89 |   114 |   479 |     5 ||   687

Table legend: (Time is in decaauts)
 A = Elapsed time spent in this place.
 B = Non-inter-level travel time spent in this place.
 C = Inter-level travel time spent in this place.
 D = Time resting spent in this place.
 E = Time spent auto-exploring this place.
 F = Levels seen in this place.
 G = Mean time per level.
                   A        B        C        D        E       F      G
               +--------+--------+--------+--------+--------+-----+--------+
         Total |   7912 |   7565 |    347 |    810 |   5017 |  11 |  719.3 |
       Dungeon |   5581 |   5296 |    285 |    378 |   3840 |   8 |  697.6 |
        Temple |    545 |    483 |     62 |      0 |    417 |   1 |  545.0 |
         Sewer |   1170 |   1170 |      0 |    174 |    625 |   1 | 1170.0 |
       Ossuary |    615 |    615 |      0 |    258 |    134 |   1 |  615.0 |
               +--------+--------+--------+--------+--------+-----+--------+

Top non-repeatable levels by time:
   Sewer: 1170 daAuts
     D:5: 981 daAuts
     D:3: 972 daAuts
     D:7: 870 daAuts
     D:1: 848 daAuts
     D:6: 815 daAuts
     D:4: 709 daAuts
 Ossuary: 615 daAuts
  Temple: 545 daAuts
     D:2: 288 daAuts
     D:8: 95 daAuts
